 Dungeon Sprint DCSS version 0.17-a0-1718-g72dbe4d (webtiles) character file.

490 Kidiri the Covert (level 6, 0/28 HPs)
             Began as a Spriggan Enchanter on Aug 26, 2015.
             Was a Follower of Dithmenos.
             Killed by a malign offering
             ... invoked by a deep elf priest
              (16 damage)
             ... in the Dungeon (Sprint III: "The Ten Rune Challenge").
             The game lasted 00:03:49 (946 turns).

Kidiri the Covert (Spriggan Enchanter)               Turns: 946, Time: 00:03:49

Health: 0/28       AC:  3    Str:  4    XL:     6   Next: 90%
Magic:  2/18       EV: 26    Int: 17    God:    Dithmenos [*.....]
Gold:   18         SH:  0    Dex: 18    Spells: 7 memorised, 2 levels left

rFire  . . .     SeeInvis +     a - +1 dagger
rCold  . . .     Clarity  +     b - +1 robe
rNeg   . . .     SustAt   .     (shield restricted)
rPois  .         Gourm    .     (helmet restricted)
rElec  .         Spirit   .     (no cloak)
rCorr  .         Warding  .     (gloves unavailable)
rMut   .         NoTele   +     (boots unavailable)
MR     +....                    (no amulet)
Stlth  +++++++...               (no ring)
                                (no ring)

@: wreathed by umbra, very quick, somewhat resistant to hostile enchantments,
extremely stealthy
A: unfitting armour, see invisible, berserk 1, clarity, herbivore 3, speed 3,
mutation resistance 1, slow metabolism 2, wild magic 1, MP-powered wands
a: Renounce Religion


You were in the Dungeon.
You worshipped Dithmenos.
Dithmenos was aware of your devotion.
You were not hungry.

You visited 1 branch You collected 18 gold pieces.

Inventory:

Hand weapons
 a - a +1 dagger (weapon)
Armour
 b - a +1 robe (worn)
Magical devices
 k - a wand of enslavement (18)
Scrolls
 j - a scroll of blinking
 m - a scroll of torment {unknown}
 p - 2 scrolls of remove curse {unknown}
 s - a scroll of holy word {unknown}
Potions
 e - a potion of curing
 f - a potion of heal wounds
 g - a potion of haste
 h - 2 potions of magic
 i - a potion of berserk rage
 r - a potion of flight
 t - a potion of cure mutation {unknown}
 u - 2 potions of cancellation
Books
 c - a book of Power

   Spells                             Type                      Level
   a - Fulminant Prism                Conjuration/Hexes            4
   b - Iskenderun's Mystic Blast      Conjuration                  4
   c - Venom Bolt                     Conjuration/Poison           5
   d - Bolt of Magma                  Conjuration/Fire/Earth       5
   e - Iron Shot                      Conjuration/Earth            6
   f - Orb of Destruction             Conjuration                  7
   g - Spellforged Servitor           Conjuration/Summoning        7
Comestibles
 d - a bread ration
 o - a slice of pizza
 q - 3 royal jellies


   Skills:
 + Level 5.1 Short Blades
 * Level 10.0 Dodging
 * Level 11.4 Stealth
 * Level 8.5 Spellcasting
 + Level 2.5 Conjurations
 + Level 6.8 Hexes
 + Level 3.3 Ice Magic
 + Level 1.4 Invocations


You had 2 spell levels left.
You knew the following spells:

 Your Spells              Type           Power        Failure   Level  Hunger
a - Corona                Hex            #####..      3%          1    None
b - Ensorcelled Hibernat  Hex/Ice        #####.       5%          2    None
c - Confuse               Hex            #####...     5%          3    #......
d - Tukima's Dance        Hex            #####...     5%          3    #......
e - Dazzling Spray        Conj/Hex       ####....     13%         3    #......
f - Fulminant Prism       Conj/Hex       ####......   30%         4    ###....
g - Iskenderun's Mystic   Conj           ###.....     54%         4    ###....


Dungeon Overview and Level Annotations

Branches:
Dungeon (1/1)

Altars:
Dithmenos
Elyvilon
Gozag
Kikubaaqudgha
Makhleb
Nemelex Xobeh
Qazlal
Ru
Sif Muna
Vehumet
Xom
Zin
The Shining One
Jiyva
Lugonu


Innate Abilities, Weirdness & Mutations

You are tiny and cannot use many weapons and most armour.
You have supernaturally acute eyesight.
You are a herbivore.
You cover ground extremely quickly.
You need consume almost no food.
You tend to lose your temper in combat.
You possess an exceptional clarity of mind.
You are somewhat resistant to further mutation.
Your spells are a little harder to cast, but a little more powerful.
You expend magic power (3 MP) to strengthen your wands.


Message History

Press: ? - help, Shift-Dir - straight line, f/p - deep elf priest
Aim: a deep elf priest, wielding a long sword of holy wrath (umbra, chance to defeat MR: 68%)
The deep elf priest struggles to resist.
The deep elf priest closely misses you.
Casting: Tukima's Dance
Confirm with . or Enter, or press ? or * to list all spells.
Aiming: Tukima's Dance
Press: ? - help, Shift-Dir - straight line, f/p - deep elf priest
Aim: a deep elf priest, wielding a long sword of holy wrath (umbra, chance to defeat MR: 68%)
The deep elf priest struggles to resist.
Casting: Tukima's Dance
Confirm with . or Enter, or press ? or * to list all spells.
Aiming: Tukima's Dance
Press: ? - help, Shift-Dir - straight line, f/p - deep elf priest
Aim: a deep elf priest, wielding a long sword of holy wrath (umbra, chance to defeat MR: 68%)
The long sword of holy wrath dances into the air!
The deep elf priest utters a dark prayer and points at you.
Your life force is offered up.
Ouch! That really hurt!
You die...

▓▓▓▓▓▓▓▓ ▓▓▓ .+...♣.♣
♣.##### :#.....♣ ♣.#_(_#
##....♣♣ ♣♣.#.e.#
.#....≈♣♣ ♣..###@#+###+##
.#...≈≈.♣♣♣..#..........#
(#..≈≈≈≈♣♣...'.⌠........#
'#..≈≈≈≈≈≈.♣.#...######+#
.#.≈≈≈≈≈≈....#.⌠.#__#...#
.#%≈≈≈≈≈.....#...#__#...#
.#.≈≈≈.......#+###__#...#
##...........#:))#__#...+
....%........#___#_.'...#


You could see a deep elf priest and a friendly long sword of holy wrath.

Vanquished Creatures
  A shadow (D)
  A spatial vortex (D)
  A water elemental (D)
  A scorpion (D)
  A jelly (D)
  Jessica (D)
  A wizard (D)
  A human (D)
  A kobold demonologist (D)
  An ooze (D)
  2 rats (D)
12 creatures vanquished.

Vanquished Creatures (others)
  2 draconian scorchers (D)
  2 yaktaurs (D)
4 creatures vanquished.

Grand Total: 16 creatures vanquished

Notes
Turn   | Place    | Note
--------------------------------------------------------------
     0 | D        | Kidiri the Spriggan Enchanter began the quest for the Orb.
     0 | D        | Reached XP level 1. HP: 9/9 MP: 5/5
     4 | D        | Reached skill level 5 in Stealth
    16 | D        | Noticed Jessica
    26 | D        | Killed Jessica
    26 | D        | Reached skill level 5 in Dodging
    26 | D        | Reached skill level 6 in Stealth
    26 | D        | Reached XP level 2. HP: 10/13 MP: 5/8
    26 | D        | Reached XP level 3. HP: 12/16 MP: 5/9
    30 | D        | Killed a yaktaur
    55 | D        | Learned a level 2 spell: Ensorcelled Hibernation
    59 | D        | Learned a level 3 spell: Confuse
    63 | D        | Learned a level 3 spell: Tukima's Dance
   249 | D        | Killed a white draconian scorcher
   274 | D        | Killed a white draconian scorcher
   419 | D        | Reached skill level 7 in Stealth
   503 | D        | Noticed a scorpion
   517 | D        | Killed a scorpion
   517 | D        | Reached skill level 8 in Stealth
   517 | D        | Reached skill level 5 in Spellcasting
   517 | D        | Reached skill level 5 in Hexes
   517 | D        | Reached skill level 1 in Ice Magic
   517 | D        | Reached XP level 4. HP: 21/21 MP: 3/12
   541 | D        | Gained mutation: Your spells are a little harder to cast, but a little more powerful. [potion of mutation]
   541 | D        | Gained mutation: You are somewhat resistant to further mutation. [potion of mutation]
   541 | D        | Gained mutation: You possess an exceptional clarity of mind. [potion of mutation]
   543 | D        | Gained mutation: You tend to lose your temper in combat. [potion of mutation]
   543 | D        | Gained mutation: You expend magic power (3 MP) to strengthen your wands. [potion of mutation]
   596 | D        | Learned a level 3 spell: Dazzling Spray
   619 | D        | Noticed a water elemental
   621 | D        | Killed a water elemental
   621 | D        | Reached skill level 9 in Stealth
   621 | D        | Reached XP level 5. HP: 24/24 MP: 13/15
   631 | D        | Noticed a jelly
   632 | D        | Noticed a shadow
   634 | D        | Killed a shadow
   634 | D        | Reached skill level 10 in Stealth
   634 | D        | Reached skill level 1 in Conjurations
   634 | D        | Reached XP level 6. HP: 28/28 MP: 14/17
   641 | D        | Killed a jelly
   720 | D        | Found a stormy altar of Qazlal.
   721 | D        | Noticed a spatial vortex
   721 | D        | Found a sacrificial altar of Ru.
   721 | D        | Found a burning altar of Makhleb.
   721 | D        | Found a viscous altar of Jiyva.
   721 | D        | Found a shimmering altar of Xom.
   721 | D        | Found a shadowy altar of Dithmenos.
   721 | D        | Found a sparkling altar of Nemelex Xobeh.
   721 | D        | Found a corrupted altar of Lugonu.
   721 | D        | Found an opulent altar of Gozag.
   725 | D        | Became a worshipper of Dithmenos the Shadowed
   742 | D        | Killed a spatial vortex
   742 | D        | Reached skill level 5 in Short Blades
   742 | D        | Reached skill level 11 in Stealth
   742 | D        | Reached skill level 1 in Invocations
   806 | D        | Killed a yaktaur
   855 | D        | Found a radiant altar of Vehumet.
   856 | D        | Found a deep blue altar of Sif Muna.
   856 | D        | Found an ancient bone altar of Kikubaaqudgha.
   856 | D        | Noticed a wizard
   857 | D        | Killed a wizard
   857 | D        | Reached skill level 10 in Dodging
   882 | D        | Learned a level 4 spell: Fulminant Prism
   887 | D        | Learned a level 4 spell: Iskenderun's Mystic Blast
   939 | D        | Found a glowing silver altar of Zin.
   940 | D        | Found a glowing golden altar of the Shining One.
   940 | D        | Found a white marble altar of Elyvilon.
   940 | D        | Noticed a deep elf priest
   946 | D        | Killed from afar by a deep elf priest

Vault maps used:
D:        dungeon_sprint_mu

Action                   |  1- 3 |  4- 6 || total
-------------------------+-------+-------++-------
Melee: Dagger            |    17 |    13 ||    30
 Cast: Corona            |     1 |       ||     1
       Ensorcelled Hiber |    12 |     2 ||    14
       Tukima's Dance    |       |     5 ||     5
       Dazzling Spray    |       |     5 ||     5
  Use: Scroll            |       |     3 ||     3
       Potion            |       |     3 ||     3
 Stab: Sleeping          |     4 |     5 ||     9
